 Dungeon Crawl Stone Soup version bcrawl-1.19.1 (webtiles) character file.

Game seed: 7889777058267222908

310 Revguard the Insei (level 6, -2/50 HPs)
             Began as a Draconian Transmuter on Dec 4, 2019.
             Killed by divine providence
             ... invoked by an orc priest
              (15 damage)
             ... on level 4 of the Dungeon.
             The game lasted 00:09:23 (2955 turns).

Revguard the Insei (Draconian Transmuter)           Turns: 2955, Time: 00:09:24

Health: -2/50      AC:  2    Str: 11 (12) XL:     6   Next: 18%
Magic:  7/9        EV: 20    Int: 13 (14) God:
Gold:   183        SH:  0    Dex: 17 (18) Spells: 2/10 levels left

rFire    . . .     SeeInvis +     - Unarmed
rCold    . . .     Gourm    +   (shield currently unavailable)
rNeg     . . .     Faith    .   (armour unavailable)
rPois    x         Spirit   .   (helmet currently unavailable)
rElec    .         Reflect  .   (cloak currently unavailable)
rCorr    +         Harm     .   (gloves currently unavailable)
MR       .....                  (boots currently unavailable)
Stlth    ++........             l - amulet of the gourmand
HPRegen  0.16/turn              f - ring of see invisible
MPRegen  0.11/turn              p - ring of resist corrosion

@: spider-form (expiring)
A: tiny, unfitting armour, AC +6
a: End Transformation


You were on level 4 of the Dungeon.
You were very full.
You were a venomous arachnid creature.
You visited 1 branch of the dungeon, and saw 4 of its levels.

You collected 183 gold pieces.

Inventory:

Missiles
 a - 120 arrows
Armour
 g - a +0 pair of gloves (melded)
Jewellery
 f - a ring of see invisible (left front leg)
 l - an amulet of the gourmand (around neck)
 p - a ring of resist corrosion (right front leg)
Scrolls
 e - 2 scrolls of fear
 k - a scroll of identify
 n - a scroll of enchant weapon {unknown}
 o - 2 scrolls of immolation {unknown}
Potions
 j - a potion of invisibility
 m - a potion of experience
Comestibles
 d - 4 rations {!d}


   Skills:
 * Level 2.9 Fighting
 + Level 2.5 Dodging
 + Level 4.4 Unarmed Combat
 + Level 2.6 Spellcasting
 * Level 3.3 Transmutations
 * Level 0.2 Ice Magic
 * Level 1.8 Poison Magic


You had 2 spell levels left.
You knew the following spells:

 Your Spells              Type           Power        Failure   Level  Hunger
a - Beastly Appendage     Tmut           ##....       17%         1    #......
b - Spider Form           Tmut/Pois      #..          45%         3    ###....
c - Ice Form              Ice/Tmut       #.......     89%         4    #####..

Your spell library contained the following spells:

 Spells                   Type           Power        Failure   Level  Hunger
 Sticks to Snakes         Tmut           ##......     24%         2    ###....
 Blade Hands              Tmut           ##........   95%         5    ######.


Dungeon Overview and Level Annotations

Branches:
Dungeon (4/12)             Temple (0/1) D:4

Altars:
Elyvilon
Nemelex Xobeh
Okawaru
Qazlal
Sif Muna
Wu Jian
The Shining One


Innate Abilities, Weirdness & Mutations

((Your plain brown scales are hard. (AC +6)))
You cannot fit into any form of body armour.
((You are cold-blooded and may be slowed by cold attacks.))


Message History

The orc wizard looks even sicker.
The orc wizard is severely wounded.
The orc wizard hits you with a +0 dagger.
The orc priest misses you.
You barely miss the orc wizard.
The orc wizard is heavily wounded.
The orc wizard casts a spell at you. The puff of frost hits you!
The orc wizard points at you and mumbles some strange words.
The puff of frost hits you!
The orc priest hits you from afar with a +0 trident.
You hit the orc wizard but do no damage.
The orc wizard looks as sick as possible!
The orc wizard is almost dead.
The orc wizard hits you with a +0 dagger.
* * * LOW HITPOINT WARNING * * *
The orc wizard barely misses you.
The orc priest calls down the wrath of Beogh upon you.
Beogh smites you!
You die...

*,,* ******** *
*#.#* * #..*
******** *..*
****,,,,,,* *#.##
*,,.,,,,,,, #..#
**...,,,,,,, #..#
**....,,,,,,* #..##
*.?...,,,,,,*
*#s.#*#.....,,,<,,*
#oo##......,,,,,,*
#.o......#********
##........≈≈≈≈≈≈≈≈
*#........≈≈≈≈∩≈≈≈
*
#..#......≈≈≈≈≈≈≈≈
***
#........##*******
,,**
*#.##.......,,,*
*,,**
**..**.......,,** *


You could see an orc priest and 2 orc wizards.

Vanquished Creatures
  A sky beast (D:3)
  2 bullfrog zombies (D:3)
  Robin (D:4)
  2 adders (D:3)
  2 oozes
  A worm (D:2)
  5 dart slugs
  6 leopard geckos
  4 orcs (D:3)
  5 giant cockroaches
  16 goblins
  13 hobgoblins
  5 jackals
  6 kobolds
  A quokka (D:3)
  8 bats
  7 frilled lizards
  9 rats
94 creatures vanquished.

Notes
Turn   | Place    | Note
-------+----------+-------------------------------------------
     0 | D:1      | Revguard the Draconian Transmuter began the quest for the
                  | Orb.
     0 | D:1      | Reached XP level 1. HP: 16/16 MP: 3/3
   105 | D:1      | Reached XP level 2. HP: 16/23 MP: 3/5
   610 | D:1      | Reached XP level 3. HP: 28/29 MP: 6/6
   618 | D:1      | Learned a level 3 spell: Spider Form
  1330 | D:2      | Reached XP level 4. HP: 33/36 MP: 5/7
  1639 | D:3      | Noticed a sky beast
  1653 | D:3      | Killed a sky beast
  1653 | D:3      | Reached skill level 4 in Unarmed Combat
  1653 | D:3      | Reached skill level 1 in Poison Magic
  1653 | D:3      | Reached XP level 5. HP: 14/42 MP: 8/8
  1960 | D:3      | Found a shimmering blue altar of Sif Muna.
  1963 | D:3      | Found an iron altar of Okawaru.
  1963 | D:3      | Found a white marble altar of Elyvilon.
  1963 | D:3      | Found a stormy altar of Qazlal.
  1964 | D:3      | Found a sparkling altar of Nemelex Xobeh.
  1964 | D:3      | Found a glowing golden altar of the Shining One.
  1964 | D:3      | Found an ornate altar of the Wu Jian Council.
  2078 | D:3      | Reached XP level 6. HP: 16/50 MP: 7/9
  2084 | D:3      | Learned a level 4 spell: Ice Form
  2607 | D:4      | Noticed Robin
  2629 | D:4      | Killed Robin
  2866 | D:4      | Found a staircase to the Ecumenical Temple.
  2955 | D:4      | Killed from afar by an orc priest

Skill      XL: |  1  2  3  4 |
---------------+-------------+-----
Dodging        | 2 |  2.5
Fighting       | 2 |  2.9
Unarmed Combat | 4 |  4.4
Transmutations | 3 |  3.3
Poison Magic   | 1 |  1.8
Spellcasting   | |  2.6
Ice Magic      | |  0.2

Action                   |  1- 3 |  4- 6 || total
-------------------------+-------+-------++-------
Melee: Unarmed           |   140 |   135 ||   275
       Headbutt          |     5 |     4 ||     9
       Tailslap          |    15 |     7 ||    22
       Kick              |     6 |     3 ||     9
       Punch             |     1 |     3 ||     4
 Cast: Beastly Appendage |    11 |    11 ||    22
       Spider Form       |     1 |     3 ||     4
  Use: Potion            |       |     3 ||     3
       Scroll            |       |     5 ||     5
  Eat: Chunk             |     2 |    17 ||    19
Armor: Skin              |    41 |    67 ||   108
Dodge: Dodged            |    96 |   136 ||   232
